3AAA
PORT ROYAL DISASTER @ JERSEY CITY TRITONS
08/19/2054
 
TOP OF THE 1ST
Port Royal Disaster batting - Pitching for Jersey City Tritons : LHP Stanton Maxwell
Pitching: LHP Stanton Maxwell
Batting: RHB Bill Jackson 0-0: Ball
1-0: Ground out 6-3 (Groundball, 6, EV 83.1 MPH)
Batting: RHB Javier Villanueva 0-0: Ball
1-0: Called Strike
1-1: Swinging Strike
1-2: Ball
2-2: Ball
3-2: Fly out, F5 (Line Drive, 5, EV 69.4 MPH)
Batting: RHB Ángel Torrez 0-0: Swinging Strike
0-1: Ball
1-1: Foul Ball, location: 2F
1-2: Ball
2-2: SINGLE (Flyball, 56D, EV 90.6 MPH)
Batting: LHB Norbert King 0-0: Ball
1-0: Called Strike
1-1: Ball
2-1: Ball
3-1: Base on Balls
Ángel Torrez to second
Batting: LHB José Arroyo 0-0: Called Strike
0-1: Called Strike
0-2: Strikes out looking
Top of the 1st over - 0 runs, 1 hit, 0 errors, 2 left on base; Port Royal 0 - Jersey City 0
BOTTOM OF THE 1ST
Jersey City Tritons batting - Pitching for Port Royal Disaster : RHP Andrew MacEwen
Pitching: RHP Andrew MacEwen
Batting: LHB Jesse Wirth 0-0: Foul Ball, location: 2F
0-1: Foul Ball, location: 2F
0-2: Ball
1-2: Foul Ball, location: 2F
1-2: Foul Ball, location: 2F
1-2: SINGLE (Groundball, 4MD, EV 103.1 MPH)
Batting: RHB Charlie Townsend 0-0: Ball
1-0: Ball
2-0: Ball
3-0: Called Strike
3-1: Foul Ball, location: 2F
3-2: Base on Balls
Jesse Wirth to second
Batting: LHB Bill Jackson 0-0: Ball
1-0: Ball
2-0: Ball
3-0: Called Strike
3-1: Reached on error, E4 (Groundball, 4, EV 91.9 MPH)
Jesse Wirth to third
Charlie Townsend to second
Batting: LHB Mark Trembath 0-0: Ball
1-0: Ball
2-0: Called Strike
2-1: Ball
3-1: Foul Ball, location: 2F
3-2: Base on Balls
Jesse Wirth scores
Charlie Townsend to third
Bill Jackson to second
Batting: SHB Ed Moss 0-0: Ball
1-0: Ball
2-0: Ball
3-0: Base on Balls
Charlie Townsend scores
Bill Jackson to third
Mark Trembath to second
Batting: LHB José Rico 0-0: Ball
1-0: Fly out, F7 (Flyball, 7, EV 86.9 MPH)
Runner from 3rd tags up, SCORES, throw by LF
Batting: SHB Sergio Resendiz 0-0: Called Strike
0-1: Ball
1-1: Ball
2-1: Ball
3-1: Fly out, F8 (Flyball, 8RD, EV 98.8 MPH)
Batting: LHB Elton Archer 0-0: Foul Ball, location: 2F
0-1: Called Strike
0-2: Fly out, F5 (Popup, 5SF, EV 74.4 MPH)
Bottom of the 1st over - 3 runs, 1 hit, 1 error, 2 left on base; Port Royal 0 - Jersey City 3
TOP OF THE 2ND
Port Royal Disaster batting - Pitching for Jersey City Tritons : LHP Stanton Maxwell
Batting: RHB Larry Harris 0-0: SINGLE (Groundball, 6MD, EV 95.6 MPH)
Batting: LHB Tom Hancock 0-0: Fly out, F7 (Flyball, 7S, EV 93.1 MPH)
Batting: RHB Derrick MacComie 0-0: Ball
1-0: Foul Ball, location: 2F
1-1: Ball
2-1: Ball
3-1: Foul Ball, location: 2F
3-2: SINGLE (Groundball, 6D, EV 99.4 MPH)
Larry Harris to second
Batting: RHB George Samuels 0-0: Ball
1-0: Ball
2-0: Swinging Strike
2-1: Ball
3-1: Foul Ball, location: 2F
3-2: Base on Balls
Larry Harris to third
Derrick MacComie to second
Batting: RHB Bill Jackson 0-0: Ball
1-0: Ball
2-0: Swinging Strike
2-1: Fly out, F8 (Flyball, 8RD, EV 90.6 MPH)
Runner from 3rd tags up, SCORES, throw by CF
Derrick MacComie to third
Batting: RHB Javier Villanueva 0-0: Ball
1-0: Called Strike
1-1: Foul Ball, location: 2F
1-2: Foul Ball, location: 2F
1-2: Fly out, F7 (Flyball, 78M, EV 91.2 MPH)
Top of the 2nd over - 1 run, 2 hits, 0 errors, 2 left on base; Port Royal 1 - Jersey City 3
BOTTOM OF THE 2ND
Jersey City Tritons batting - Pitching for Port Royal Disaster : RHP Andrew MacEwen
Batting: LHB Ed Hicks 0-0: Foul Ball, location: 2F
0-1: Ball
1-1: Ball
2-1: Fly out, F7 (Flyball, 7D, EV 102.5 MPH)
Batting: LHB Jesse Wirth 0-0: Ball
1-0: Ball
2-0: Ball
3-0: Base on Balls
Batting: RHB Charlie Townsend 0-0: Foul Ball, location: 2F
0-1: Ball
Wild Pitch!
Jesse Wirth to second
1-1: Called Strike
Jesse Wirth is caught stealing 3rd base 2-5
1-2: Foul Ball, location: 2F
1-2: Ball
2-2: DOUBLE (Line Drive, 78D, EV 108.8 MPH)
Batting: LHB Bill Jackson 0-0: Ball
1-0: Called Strike
Balk!
Charlie Townsend to third
1-1: Ball
2-1: Ball
3-1: Base on Balls
Batting: LHB Mark Trembath 0-0: Ball
1-0: Foul Ball, location: 2F
1-1: Swinging Strike
1-2: Ball
2-2: Ball
3-2: Base on Balls
Bill Jackson to second
Batting: SHB Ed Moss 0-0: Foul Ball, location: 2F
0-1: Ball
1-1: Called Strike
1-2: Ball
2-2: Strikes out looking
Bottom of the 2nd over - 0 runs, 1 hit, 0 errors, 3 left on base; Port Royal 1 - Jersey City 3
TOP OF THE 3RD
Port Royal Disaster batting - Pitching for Jersey City Tritons : LHP Stanton Maxwell
Batting: RHB Ángel Torrez 0-0: Called Strike
0-1: Fly out, F3 (Popup, 3F, EV 79.4 MPH)
Batting: LHB Norbert King 0-0: Ball
1-0: Fly out, F9 (Line Drive, 89M, EV 96.2 MPH)
Batting: LHB José Arroyo 0-0: Ball
1-0: Foul Ball, location: 2F
1-1: Called Strike
1-2: Strikes out swinging
Top of the 3rd over - 0 runs, 0 hits, 0 errors, 0 left on base; Port Royal 1 - Jersey City 3
BOTTOM OF THE 3RD
Jersey City Tritons batting - Pitching for Port Royal Disaster : RHP Andrew MacEwen
Batting: LHB José Rico 0-0: Ball
1-0: SINGLE (Groundball, 25, EV 74.4 MPH) (infield hit)
Batting: SHB Sergio Resendiz 0-0: Called Strike
0-1: 2-RUN HOME RUN (Flyball, 9LD, EV 96.9 MPH), Distance : 348 ft
Batting: LHB Elton Archer 0-0: Called Strike
0-1: Ball
1-1: Swinging Strike
1-2: Ground out 5-3 (Groundball, 56, EV 85.0 MPH)
Batting: LHB Ed Hicks 0-0: Ball
1-0: Ball
2-0: Fly out, F6 (Popup, 6, EV 61.2 MPH)
Batting: LHB Jesse Wirth 0-0: Called Strike
0-1: Fly out, F7 (Flyball, 7D, EV 89.4 MPH)
Bottom of the 3rd over - 2 runs, 2 hits, 0 errors, 0 left on base; Port Royal 1 - Jersey City 5
TOP OF THE 4TH
Port Royal Disaster batting - Pitching for Jersey City Tritons : LHP Stanton Maxwell
Batting: RHB Larry Harris 0-0: Ball
1-0: Called Strike
1-1: Foul Ball, location: 2F
1-2: Strikes out swinging
Batting: LHB Tom Hancock 0-0: Called Strike
0-1: Ball
1-1: Ball
2-1: Ball
3-1: Ground out 6-3 (Groundball, 6M, EV 87.5 MPH)
Batting: RHB Derrick MacComie 0-0: Ball
1-0: Called Strike
1-1: Swinging Strike
1-2: Foul Ball, location: 2F
1-2: Ball
2-2: SINGLE (Groundball, 4M, EV 103.8 MPH) (infield hit)
Batting: RHB George Samuels 0-0: Ball
1-0: Ground out 1-3 (Groundball, 15S, EV 65.0 MPH)
Top of the 4th over - 0 runs, 1 hit, 0 errors, 1 left on base; Port Royal 1 - Jersey City 5
BOTTOM OF THE 4TH
Jersey City Tritons batting - Pitching for Port Royal Disaster : RHP Andrew MacEwen
Batting: RHB Charlie Townsend 0-0: Called Strike
0-1: Hit by Pitch
Pitching: RHP Amadi Azagba
Batting: LHB Bill Jackson 0-0: Ball
Charlie Townsend steals 2nd base
1-0: Ball
2-0: Ball
3-0: Swinging Strike
3-1: DOUBLE (Line Drive, 9LM, EV 100.6 MPH)
Charlie Townsend scores
Batting: LHB Mark Trembath 0-0: Called Strike
0-1: Swinging Strike
0-2: Ball
1-2: Strikes out looking
Batting: SHB Ed Moss 0-0: Called Strike
0-1: Foul Ball, location: 2F
0-2: Foul Ball, location: 2F
0-2: Foul Ball, location: 2F
0-2: Strikes out swinging
Batting: LHB José Rico 0-0: Ball
1-0: Swinging Strike
1-1: Ball
2-1: Foul Ball, location: 2F
2-2: Strikes out swinging
Bottom of the 4th over - 1 run, 1 hit, 0 errors, 1 left on base; Port Royal 1 - Jersey City 6
TOP OF THE 5TH
Port Royal Disaster batting - Pitching for Jersey City Tritons : LHP Stanton Maxwell
Batting: RHB Bill Jackson 0-0: Ball
1-0: Ball
2-0: Called Strike
2-1: Ball
3-1: Called Strike
3-2: Base on Balls
Batting: RHB Javier Villanueva 0-0: Ball
1-0: Foul Ball, location: 2F
1-1: Fly out, F2 (Popup, 2RF, EV 88.8 MPH)
Batting: RHB Ángel Torrez 0-0: Ball
1-0: Called Strike
1-1: Ball
2-1: Swinging Strike
2-2: Ball
3-2: Strikes out looking
Batting: LHB Norbert King 0-0: Called Strike
0-1: Ball
1-1: Called Strike
Bill Jackson is caught stealing 2nd base 2-6
Top of the 5th over - 0 runs, 0 hits, 0 errors, 0 left on base; Port Royal 1 - Jersey City 6
BOTTOM OF THE 5TH
Jersey City Tritons batting - Pitching for Port Royal Disaster : RHP Amadi Azagba
Batting: SHB Sergio Resendiz 0-0: Ground out U3 (Groundball, 34S, EV 81.9 MPH)
Batting: LHB Elton Archer 0-0: Foul Ball, location: 2F
0-1: Swinging Strike
0-2: Foul Ball, location: 2F
0-2: Strikes out swinging
Batting: LHB Ed Hicks 0-0: Ball
1-0: Foul Ball, location: 2F
1-1: Ball
2-1: Foul Ball, location: 2F
2-2: Ball
3-2: Foul Ball, location: 2F
3-2: Foul Ball, location: 2F
3-2: Fly out, F8 (Flyball, 8LM, EV 92.5 MPH)
Bottom of the 5th over - 0 runs, 0 hits, 0 errors, 0 left on base; Port Royal 1 - Jersey City 6
TOP OF THE 6TH
Port Royal Disaster batting - Pitching for Jersey City Tritons : LHP Stanton Maxwell
Pitching: RHP Mario Domínguez
Batting: LHB Norbert King 0-0: Ball
1-0: Ball
2-0: Called Strike
2-1: Ball
3-1: Called Strike
3-2: Strikes out swinging
Batting: LHB José Arroyo 0-0: SINGLE (Line Drive, 56D, EV 98.8 MPH)
Batting: RHB Larry Harris 0-0: Called Strike
0-1: Swinging Strike
0-2: Ball
1-2: Strikes out swinging
Batting: LHB Tom Hancock 0-0: Called Strike
0-1: Foul Ball, location: 2F
0-2: Ball
1-2: Ball
2-2: Strikes out swinging
Top of the 6th over - 0 runs, 1 hit, 0 errors, 1 left on base; Port Royal 1 - Jersey City 6
BOTTOM OF THE 6TH
Jersey City Tritons batting - Pitching for Port Royal Disaster : RHP Amadi Azagba
Batting: LHB Jesse Wirth 0-0: Ball
1-0: Swinging Strike
1-1: Swinging Strike
1-2: Ball
2-2: Strikes out looking
Batting: RHB Charlie Townsend 0-0: Ball
1-0: Swinging Strike
1-1: Foul Ball, location: 2F
1-2: Strikes out swinging
Batting: LHB Bill Jackson 0-0: Called Strike
0-1: Swinging Strike
0-2: Ball
1-2: Ball
2-2: Ball
3-2: Strikes out swinging
Bottom of the 6th over - 0 runs, 0 hits, 0 errors, 0 left on base; Port Royal 1 - Jersey City 6
TOP OF THE 7TH
Port Royal Disaster batting - Pitching for Jersey City Tritons : RHP Mario Domínguez
Batting: RHB Derrick MacComie 0-0: Ball
1-0: Ball
2-0: Called Strike
2-1: Swinging Strike
2-2: Ball
3-2: Base on Balls
Batting: RHB George Samuels 0-0: Called Strike
0-1: Foul Ball, location: 2F
0-2: Ball
1-2: Ground out 5-3 (Groundball, 5S, EV 75.0 MPH)
Derrick MacComie to second
Batting: RHB Bill Jackson 0-0: Ball
1-0: Ball
2-0: Fly out, F8 (Flyball, 8LD, EV 93.1 MPH)
Batting: RHB Javier Villanueva 0-0: Called Strike
0-1: Ground out 6-3 (Groundball, 6, EV 96.9 MPH)
Top of the 7th over - 0 runs, 0 hits, 0 errors, 1 left on base; Port Royal 1 - Jersey City 6
BOTTOM OF THE 7TH
Jersey City Tritons batting - Pitching for Port Royal Disaster : RHP Amadi Azagba
Batting: LHB Mark Trembath 0-0: Foul Ball, location: 2F
0-1: Ball
1-1: Called Strike
1-2: Strikes out swinging
Batting: SHB Ed Moss 0-0: Called Strike
0-1: Ball
1-1: Ball
2-1: Ball
3-1: Base on Balls
Pitching: RHP Juan De La Garza
Batting: LHB José Rico 0-0: Fly out, F7 (Flyball, 7, EV 88.1 MPH)
Batting: SHB Sergio Resendiz 0-0: Ball
1-0: Called Strike
1-1: Fly out, F8 (Line Drive, 8RD, EV 100.6 MPH)
Bottom of the 7th over - 0 runs, 0 hits, 0 errors, 1 left on base; Port Royal 1 - Jersey City 6
TOP OF THE 8TH
Port Royal Disaster batting - Pitching for Jersey City Tritons : RHP Mario Domínguez
Batting: RHB Ángel Torrez 0-0: Ball
1-0: Ground out 6-3 (Groundball, 6, EV 101.9 MPH)
Batting: LHB Norbert King 0-0: Swinging Strike
0-1: Called Strike
0-2: Strikes out looking
Batting: LHB José Arroyo 0-0: Swinging Strike
0-1: Fly out, F8 (Flyball, 8RM, EV 89.4 MPH)
Top of the 8th over - 0 runs, 0 hits, 0 errors, 0 left on base; Port Royal 1 - Jersey City 6
BOTTOM OF THE 8TH
Jersey City Tritons batting - Pitching for Port Royal Disaster : RHP Juan De La Garza
Batting: LHB Elton Archer 0-0: Foul Ball, location: 2F
0-1: Foul Ball, location: 2F
0-2: Strikes out looking
Batting: LHB Ed Hicks 0-0: Swinging Strike
0-1: Ground out 6-3 (Groundball, 6, EV 105.0 MPH)
Batting: LHB Jesse Wirth 0-0: Swinging Strike
0-1: Swinging Strike
0-2: Strikes out swinging
Bottom of the 8th over - 0 runs, 0 hits, 0 errors, 0 left on base; Port Royal 1 - Jersey City 6
TOP OF THE 9TH
Port Royal Disaster batting - Pitching for Jersey City Tritons : RHP Mario Domínguez
Batting: RHB Larry Harris 0-0: Called Strike
0-1: Swinging Strike
0-2: Strikes out swinging
Batting: LHB Tom Hancock 0-0: Ball
1-0: Ground out 6-3 (Groundball, 6, EV 88.1 MPH)
Batting: RHB Derrick MacComie 0-0: SINGLE (Groundball, 25, EV 71.2 MPH) (infield hit)
Batting: RHB George Samuels 0-0: Ball
1-0: Called Strike
1-1: Ball
2-1: Ball
3-1: Swinging Strike
3-2: Foul Ball, location: 2F
3-2: SINGLE (Groundball, 6MD, EV 93.8 MPH)
Derrick MacComie to second
Derrick MacComie to third
Pitching: LHP Benjamin Renninger
Batting: RHB Bill Jackson 0-0: Ball
1-0: Ball
2-0: Ball
3-0: Called Strike
3-1: Swinging Strike
3-2: Strikes out looking
Top of the 9th over - 0 runs, 2 hits, 0 errors, 2 left on base; Port Royal 1 - Jersey City 6
Monday, April 1st , 2024 - OOTP Baseball 23.10 Build 110